 Dungeon Crawl Stone Soup version 0.23.1 (webtiles) character file.

Game seed: 0

5389 Fang the Fighter (level 10, -12/66 HPs)
             Began as a Gargoyle Berserker on Mar 8, 2019.
             Was an Elder of Trog.
             Splashed by Joseph's acid (16 damage)
             ... on level 8 of the Dungeon on Mar 11, 2019.
             The game lasted 00:12:14 (9223 turns).

Fang the Fighter (Gargoyle Berserker)               Turns: 9223, Time: 00:12:15

Health: -12/66     AC: 21    Str: 24    XL:     10   Next: 66%
Magic:  10/10      EV:  7    Int:  8    God:    Trog [****..]
Gold:   298        SH:  0    Dex:  9    Spells: 9/9 levels left

rFire    + . .     SeeInvis .   a - +1 hand axe
rCold    + . .     Gourm    +   (no shield)
rNeg     + . .     Faith    .   m - +1 gold dragon scales
rPois    ∞         Spirit   .   (no helmet)
rElec    +         Reflect  .   (no cloak)
rCorr    .         Harm     .   (no gloves)
MR       .....                  (no boots)
Stlth    ..........             l - amulet of the gourmand
HPRegen  0.21/turn              (no ring)
MPRegen  0.12/turn              (no ring)

@: marked, corroded, berserk cooldown
A: negative energy resistance 1, electricity resistance, unbreathing,
petrification resistance, rot immunity, AC +7
a: Berserk, Trog's Hand, Brothers in Arms, Renounce Religion


You were on level 8 of the Dungeon.
You worshipped Trog.
Trog was greatly pleased with you.
You were very full.

You visited 2 branches of the dungeon, and saw 9 of its levels.

You collected 298 gold pieces.

Inventory:

Hand Weapons
 a - a +1 hand axe (weapon)
Armour
 m - +1 gold dragon scales (worn)
 u - the +1 leather armour "Ykkatio" {rF++ MR+ Str-4 Dex-3}
   (You found it on level 5 of the Dungeon)

   It affects your strength (-4).
   It affects your dexterity (-3).
   It greatly protects you from fire.
   It affects your resistance to hostile enchantments.
Jewellery
 l - an amulet of the gourmand (around neck)
 y - an uncursed ring of fire {unknown}
Wands
 d - a wand of acid (3)
 f - a wand of flame (7)
 o - a wand of disintegration (37)
Scrolls
 b - a scroll of enchant weapon
 e - 5 scrolls of identify
 g - 2 scrolls of teleportation
 j - 3 scrolls of blinking
 p - a scroll of remove curse
 t - a scroll of magic mapping
Potions
 h - a potion of heal wounds
 i - a potion of curing
 k - a potion of might
 n - a potion of ambrosia
 q - 2 potions of haste
 r - a potion of lignification
 s - 2 potions of mutation
 v - 2 potions of brilliance
 w - a potion of agility
 x - a potion of flight
Comestibles
 c - 14 rations
 z - 9 chunks of flesh


   Skills:
 + Level 9.2 Fighting
 + Level 7.6 Axes
 + Level 8.9 Armour
 + Level 6.7 Dodging


You had 9 spell levels left.
You didn't know any spells.
Your spell library was empty.

Dungeon Overview and Level Annotations

Branches:
Dungeon (8/15)             Temple (1/1) D:4
   Lair: D:8-11

Altars:
Ashenzari
Dithmenos
Elyvilon
Makhleb
Qazlal
Vehumet

Annotations:
D:8 Joseph


Innate Abilities, Weirdness & Mutations

You are resistant to torment.
Your stone body is resilient. (AC +7)
You are immune to poison.
You resist negative energy. (rN+)
You are resistant to electric shocks. (rElec)
You can survive without breathing.
You are immune to petrification.
You are immune to rotting.


Message History

You hit Joseph.
Joseph is severely wounded.
You closely miss the worker ant.
The worker ant waves its antennae.
The worker ant closely misses you. Joseph hits you but does no damage.
The worker ant bites you but does no damage.
Joseph hits you but does no damage.
You hit Joseph.
Joseph is severely wounded.
You hit the worker ant.
You kill the worker ant!
Trog accepts your kill. Joseph hits you with a +0 quarterstaff!
You closely miss Joseph.
Joseph is severely wounded.
You feel yourself speed up.
Joseph zaps a wand.
The bolt of acid hits you!!
* * * LOW HITPOINT WARNING * * *
The acid corrodes you!
You are splashed with acid!
You die...

..... .. #....
..#. ####...##....
. #..............
.........#... #.
#..... ...#
####.##.)†##...#..
.......)@)......#
...###))@#.....##
# #.###((.#...#..P
#.##.#.........# .
#..............#
####.###.........
#.#.#.........
#.#.#........#.
####.#.......#...


You could see Joseph.

Vanquished Creatures
  Harold (D:8)
  Pikel (D:5)
  Sigmund (D:3)
  Eustachio (D:6)
  A spriggan (D:7)
  Menkaure (D:6)
  The ghost of Fang the Skirmisher, an amateur GrBe of Trog (D:3)
  Duvessa (D:6)
  4 orc warriors
  A sky beast (D:6)
  4 phantoms
  3 ogres
  3 centaurs
  3 bullfrogs
  A wyvern zombie (D:6)
  A gnoll sergeant (D:6)
  3 scorpions
  Dowan (D:6)
  3 wights (D:8)
  A centaur zombie (D:5)
  7 howler monkeys
  2 crimson imps (D:5)
  2 bullfrog zombies
  4 orc priests
  4 hounds
  A gnoll shaman (D:8)
  2 jellies
  10 orc wizards
  3 iguanas
  Ijyb (D:5)
  5 worker ants
  7 gnolls (D:8)
  2 howler monkey skeletons
  6 adders
  A shadow imp (D:6)
  An ooze (D:4)
  2 adder skeletons
  8 worms
  A dart slug (D:2)
  4 leopard geckos
  19 orcs
  5 bats
  4 giant cockroaches
  5 goblins
  10 hobgoblins
  4 jackals (D:2)
  5 quokkas
  A ball python (D:3)
  2 frilled lizards
  A jackal skeleton (D:6)
  6 kobolds
  A leopard gecko skeleton (D:4)
  A quokka zombie (D:6)
  6 rats
179 creatures vanquished.

Vanquished Creatures (others)
  2 slaves (D:5)
  7 fungi (D:8)
  A plant (D:8)
10 creatures vanquished.

Grand Total: 189 creatures vanquished

Notes
Turn   | Place    | Note
-------+----------+-------------------------------------------
     0 | D:1      | Fang the Gargoyle Berserker began the quest for the Orb.
     0 | D:1      | Reached XP level 1. HP: 14/14 MP: 1/1
   256 | D:1      | Reached XP level 2. HP: 12/19 MP: 2/2
   757 | D:2      | Reached XP level 3. HP: 12/23 MP: 3/3
  1046 | D:2      | Found a burning altar of Makhleb.
  1156 | D:2      | Reached ** piety under Trog
  1685 | D:2      | Reached XP level 4. HP: 25/29 MP: 4/4
  2028 | D:3      | Reached skill level 4 in Fighting
  2282 | D:3      | Reached XP level 5. HP: 32/33 MP: 5/5
  2481 | D:3      | Noticed Sigmund
  2497 | D:3      | Killed Sigmund
  2497 | D:3      | Reached XP level 6. HP: 30/39 MP: 6/6
  2633 | D:3      | Found a runed translucent door.
  2638 | D:3      | Noticed Fang's ghost (amateur GrBe)
  2928 | D:4      | Noticed a phantom
  2932 | D:4      | Noticed a phantom
  2950 | D:4      | Reached skill level 5 in Fighting
  3706 | D:3      | Reached XP level 7. HP: 36/44 MP: 7/7
  3712 | D:3      | Killed Fang's ghost
  3797 | D:4      | Reached skill level 5 in Armour
  3984 | D:4      | Reached XP level 8. HP: 51/51 MP: 8/8
  4176 | D:4      | Reached *** piety under Trog
  4210 | D:4      | Reached skill level 6 in Fighting
  4276 | D:4      | Found a staircase to the Ecumenical Temple.
  4286 | Temple   | Entered the Ecumenical Temple
  4528 | D:4      | Found a shattered altar of Ashenzari.
  4646 | D:5      | Entered Level 5 of the Dungeon
  4659 | D:5      | Reached skill level 5 in Axes
  4690 | D:5      | Noticed Ijyb
  4876 | D:5      | Killed Ijyb
  4932 | D:5      | Noticed Pikel
  4954 | D:5      | Killed Pikel
  4954 | D:5      | Reached XP level 9. HP: 41/56 MP: 9/9
  4999 | D:5      | Reached skill level 7 in Fighting
  5036 | D:5      | Reached skill level 5 in Dodging
  5396 | D:5      | Got a warped leather armour
  5864 | D:6      | Identified the +1 leather armour "Ykkatio" {rF++ MR+ Str-4
                  | Dex-3} (You found it on level 5 of the Dungeon)
  5867 | D:6      | Noticed Menkaure
  5874 | D:6      | Killed Menkaure
  6080 | D:6      | Found a white marble altar of Elyvilon.
  6468 | D:6      | Noticed Eustachio
  6508 | D:6      | Killed Eustachio
  6638 | D:6      | Reached **** piety under Trog
  7040 | D:6      | Reached skill level 8 in Fighting
  7116 | D:6      | Found a stormy altar of Qazlal.
  7116 | D:6      | Found a radiant altar of Vehumet.
  7229 | D:6      | Found a shadowy altar of Dithmenos.
  7385 | D:6      | Noticed Duvessa
  7385 | D:6      | Noticed Dowan
  7395 | D:6      | Killed Dowan
  7406 | D:6      | Killed Duvessa
  7406 | D:6      | Reached XP level 10. HP: 43/64 MP: 10/10
  9170 | D:8      | Noticed Harold
  9182 | D:8      | Noticed Joseph
  9196 | D:8      | Killed Harold
  9196 | D:8      | Reached skill level 9 in Fighting
  9223 | D:8      | Splashed by Joseph's acid

Skill      XL: |  1  2  3  4  5  6  7  8  9 10 |
---------------+-------------------------------+-----
Axes           | 3 4 5 6 7 |  7.6
Dodging        | 2 3 4 5 6 |  6.7
Armour         | 3 4 5 6 7 8 |  8.9
Fighting       | 4 5 6 8 9 |  9.2

Action                   |  1- 3 |  4- 6 |  7- 9 | 10-12 || total
-------------------------+-------+-------+-------+-------++-------
Melee: Hand axe          |   147 |   189 |   481 |   305 ||  1122
Invok: Berserk           |     2 |     3 |     8 |     1 ||    14
       Trog's Hand       |       |     1 |       |     1 ||     2
  Use: Scroll            |       |       |    19 |     2 ||    21
       Potion            |       |       |       |     1 ||     1
  Eat: Chunk             |    18 |     8 |    21 |    11 ||    58
Armor: Animal skin       |    12 |       |       |       ||    12
       Scale mail        |    49 |    44 |       |       ||    93
       Gold dragon scale |       |    93 |   481 |   256 ||   830
Dodge: Dodged            |    81 |    87 |   179 |   106 ||   453
